[ PARTIDA AOE2 · #494029148 ]
UnrankedTupíes vs Italians
Equipo del jugador · VICT
Equipo rival · DERR
[ ANÁLISIS DE REPETICIÓN · EXTRAÍDO DE LA PARTIDA GRABADA ]
Feudal
17:15
Castillos
27:29
Imperial
—
| APM promedio | 49.0 |
| APM pico | 93 |
| eAPM promedio | 20.5 |
| Aldeanos / militares | 49 / 9 |
Foco
⚔️ 22.0% · 🌾 78.0%
Skirmisher ×7 · Spearman ×2
Feudal
9:51
Castillos
—
Imperial
—
| APM promedio | 61.5 |
| APM pico | 114 |
| eAPM promedio | 25.7 |
| Aldeanos / militares | 46 / 27 |
Foco
⚔️ 27.7% · 🌾 72.3%
Archer ×16 · Skirmisher ×10 · Scout Cavalry ×1
Mapa de la partida
Recursos iniciales + cada clic de construcción. Líneas = muros · curvas = relieve. ◆ oro · ⬟ piedra · ● bayas · ✦ reliquia · ◌ hueco del cierre
Tu base· Abierta — flanco sin cerrar
Base de ForgeableSum· Abierta — flanco sin cerrar
Terreno inicial suavizado · ◌ = hueco del cierre detectado · pasá el cursor para detalles
Inputs por minuto
— TRUM - - ForgeableSum
Build order — TRUM
105 acciones detectadas en el replay
| 0:00 | Crear | Villager (Male) |
| 0:02 | Construir | House |
| 0:02 | Construir | House |
| 0:12 | Crear | Villager (Male) |
| 0:19 | Crear | Villager (Male) |
| 0:19 | Crear | Villager (Male) |
| 1:00 | Crear | Villager (Male) |
| 1:01 | Crear | Villager (Male) |
| 1:57 | Crear | Villager (Male) |
| 1:58 | Crear | Villager (Male) |
| 1:58 | Crear | Villager (Male) |
| 2:50 | Crear | Villager (Male) |
| 2:50 | Crear | Villager (Male) |
| 2:51 | Crear | Villager (Male) |
| 2:51 | Crear | Villager (Male) |
| 3:07 | Construir | Settlement |
| 3:27 | Crear | Villager (Male) |
| 3:27 | Crear | Villager (Male) |
| 4:15 | Crear | Villager (Male) |
| 4:17 | Investigar | Loom |
| 4:38 | Crear | Villager (Male) |
| 4:38 | Crear | Villager (Male) |
| 5:19 | Crear | Villager (Male) |
| 5:19 | Crear | Villager (Male) |
| 5:19 | Crear | Villager (Male) |
| 5:37 | Crear | Villager (Male) |
| 6:27 | Construir | House |
| 6:49 | Construir | Town Center |
| 7:34 | Crear | Villager (Male) |
| 7:34 | Crear | Villager (Male) |
| 7:34 | Crear | Villager (Male) |
| 7:34 | Crear | Villager (Male) |
| 9:09 | Crear | Villager (Male) |
| 9:09 | Crear | Villager (Male) |
| 9:10 | Crear | Villager (Male) |
| 9:33 | Construir | Palisade Wall |
| 9:35 | Construir | Palisade Wall |
| 9:37 | Construir | Palisade Wall |
| 10:19 | Crear | Villager (Male) |
| 10:19 | Crear | Villager (Male) |
| 11:44 | Crear | Villager (Male) |
| 12:26 | Crear | Villager (Male) |
| 12:37 | Construir | House |
| 13:00 | Construir | Settlement |
| 13:20 | Crear | Villager (Male) |
| 13:47 | Construir | Settlement |
| 14:05 | Crear | Villager (Male) |
| 15:05 | Investigar | Feudal Age |
| 15:05 | Investigar | Feudal Age |
| 15:30 | Construir | Barracks |
| 16:11 | Construir | Farm |
| 16:32 | Construir | Farm |
| 17:15 | Edad | Edad Feudal |
| 17:17 | Construir | Watch Tower |
| 17:23 | Construir | Archery Range |
| 17:44 | Crear | Villager (Male) |
| 17:46 | Investigar | Double-Bit Axe |
| 17:52 | Construir | Farm |
| 17:55 | Crear | Skirmisher |
| 18:13 | Crear | Villager (Male) |
| 18:13 | Crear | Villager (Male) |
| 18:23 | Crear | Villager (Male) |
| 18:23 | Crear | Villager (Male) |
| 18:24 | Crear | Villager (Male) |
| 18:47 | Construir | Farm |
| 18:49 | Construir | Farm |
| 18:54 | Construir | Farm |
| 19:07 | Crear | Villager (Male) |
| 19:15 | Crear | Skirmisher |
| 19:54 | Crear | Villager (Male) |
| 20:01 | Construir | Blacksmith |
| 20:16 | Crear | Villager (Male) |
| 20:40 | Investigar | Fletching |
| 20:40 | Investigar | Fletching |
| 20:58 | Crear | Skirmisher |
| 21:06 | Construir | Watch Tower |
| 21:23 | Crear | Villager (Male) |
| 21:27 | Crear | Skirmisher |
| 21:39 | Crear | Villager (Male) |
| 21:57 | Crear | Skirmisher |
| 22:05 | Construir | Farm |
| 22:09 | Construir | Farm |
| 22:14 | Crear | Skirmisher |
| 22:31 | Construir | Palisade Wall |
| 22:47 | Construir | House |
| 23:29 | Investigar | Padded Archer Armor |
| 23:29 | Investigar | Padded Archer Armor |
| 23:56 | Crear | Villager (Male) |
| 24:02 | Construir | Market |
| 24:34 | Crear | Skirmisher |
| 24:49 | Investigar | Castle Age |
| 24:49 | Investigar | Castle Age |
| 24:53 | Investigar | Gold Mining |
| 25:06 | Investigar | Stone Mining |
| 25:06 | Investigar | Stone Mining |
| 25:19 | Construir | Watch Tower |
| 25:27 | Construir | Watch Tower |
| 26:10 | Construir | Farm |
| 26:33 | Crear | Spearman |
| 26:35 | Crear | Spearman |
| 27:07 | Investigar | Wheelbarrow |
| 27:29 | Edad | Edad de los Castillos |
| 27:42 | Construir | Castle |
| 27:49 | Crear | Villager (Male) |
| 27:49 | Crear | Villager (Male) |
Build order — ForgeableSum
122 acciones detectadas en el replay
| 0:00 | Crear | Villager (Male) |
| 0:02 | Construir | House |
| 0:02 | Crear | Villager (Male) |
| 0:02 | Crear | Villager (Male) |
| 0:03 | Construir | House |
| 0:10 | Crear | Villager (Male) |
| 1:26 | Crear | Villager (Male) |
| 1:56 | Crear | Villager (Male) |
| 2:12 | Crear | Villager (Male) |
| 2:32 | Construir | Lumber Camp |
| 2:49 | Crear | Villager (Male) |
| 3:11 | Crear | Villager (Male) |
| 3:37 | Crear | Villager (Male) |
| 3:41 | Construir | House |
| 3:42 | Crear | Villager (Male) |
| 4:09 | Crear | Villager (Male) |
| 4:12 | Crear | Villager (Male) |
| 4:36 | Crear | Villager (Male) |
| 5:06 | Construir | House |
| 5:10 | Crear | Villager (Male) |
| 5:12 | Crear | Villager (Male) |
| 6:02 | Crear | Villager (Male) |
| 6:37 | Construir | Barracks |
| 6:49 | Investigar | Loom |
| 7:13 | Crear | Villager (Male) |
| 7:24 | Crear | Villager (Male) |
| 7:41 | Investigar | Feudal Age |
| 9:11 | Construir | Palisade Wall |
| 9:51 | Edad | Edad Feudal |
| 9:53 | Crear | Villager (Male) |
| 10:59 | Construir | Mill |
| 11:29 | Construir | Watch Tower |
| 13:07 | Construir | Archery Range |
| 13:41 | Construir | Mining Camp |
| 13:42 | Crear | Archer |
| 13:56 | Crear | Skirmisher |
| 14:15 | Construir | Palisade Wall |
| 14:18 | Crear | Skirmisher |
| 14:45 | Crear | Skirmisher |
| 14:50 | Construir | House |
| 14:55 | Construir | Palisade Wall |
| 15:02 | Construir | House |
| 15:31 | Construir | Market |
| 15:38 | Crear | Archer |
| 15:43 | Crear | Skirmisher |
| 16:10 | Crear | Archer |
| 16:30 | Crear | Skirmisher |
| 17:08 | Crear | Archer |
| 17:26 | Crear | Skirmisher |
| 17:58 | Crear | Archer |
| 18:08 | Construir | Town Center |
| 18:43 | Crear | Skirmisher |
| 18:46 | Crear | Archer |
| 19:34 | Crear | Skirmisher |
| 19:39 | Construir | House |
| 19:48 | Crear | Skirmisher |
| 19:52 | Construir | House |
| 19:53 | Construir | House |
| 20:02 | Construir | Blacksmith |
| 20:05 | Crear | Villager (Male) |
| 20:06 | Crear | Villager (Male) |
| 20:07 | Crear | Villager (Male) |
| 20:07 | Crear | Villager (Male) |
| 20:08 | Crear | Villager (Male) |
| 20:13 | Crear | Archer |
| 20:14 | Crear | Villager (Male) |
| 20:30 | Construir | Palisade Wall |
| 20:32 | Construir | Palisade Wall |
| 20:39 | Crear | Villager (Male) |
| 20:45 | Crear | Villager (Male) |
| 20:46 | Crear | Archer |
| 21:04 | Crear | Villager (Male) |
| 21:07 | Crear | Villager (Male) |
| 21:16 | Investigar | Fletching |
| 21:17 | Crear | Villager (Male) |
| 21:22 | Investigar | Double-Bit Axe |
| 21:23 | Crear | Villager (Male) |
| 21:29 | Construir | Palisade Wall |
| 21:41 | Crear | Villager (Male) |
| 22:00 | Crear | Archer |
| 22:00 | Crear | Villager (Male) |
| 22:08 | Crear | Archer |
| 22:23 | Crear | Archer |
| 22:38 | Crear | Archer |
| 22:49 | Construir | Farm |
| 22:50 | Construir | Farm |
| 22:53 | Construir | Farm |
| 22:54 | Crear | Archer |
| 23:12 | Crear | Skirmisher |
| 23:13 | Crear | Archer |
| 23:18 | Construir | Stable |
| 23:45 | Crear | Archer |
| 24:07 | Crear | Archer |
| 24:07 | Crear | Villager (Male) |
| 24:13 | Construir | Farm |
| 24:14 | Construir | Farm |
| 24:18 | Construir | Farm |
| 24:38 | Construir | Farm |
| 24:50 | Construir | Farm |
| 24:51 | Crear | Scout Cavalry |
| 25:00 | Crear | Villager (Male) |
| 25:01 | Crear | Villager (Male) |
| 25:35 | Crear | Villager (Male) |
| 25:47 | Crear | Villager (Male) |
| 25:50 | Construir | Mill |
| 25:51 | Crear | Villager (Male) |
| 25:58 | Construir | Farm |
| 25:59 | Construir | Farm |
| 26:00 | Construir | Farm |
| 26:00 | Construir | Farm |
| 26:19 | Crear | Villager (Male) |
| 26:33 | Crear | Villager (Male) |
| 26:51 | Construir | Farm |
| 26:52 | Construir | Farm |
| 26:54 | Construir | Farm |
| 26:56 | Crear | Villager (Male) |
| 27:01 | Construir | Farm |
| 27:03 | Construir | Farm |
| 27:05 | Construir | Farm |
| 27:15 | Crear | Villager (Male) |
| 27:36 | Crear | Villager (Male) |
| 27:42 | Crear | Villager (Male) |
Cronología de la partida
| 6:37 | ForgeableSum · first_building Barracks |
| 9:11 | ForgeableSum · wall_segment Palisade Wall x1 |
| 9:33 | TRUM · wall_segment Palisade Wall x1 |
| 9:35 | TRUM · wall_segment Palisade Wall x1 |
| 9:37 | TRUM · wall_segment Palisade Wall x1 |
| 9:51 | ForgeableSum · age_up feudal |
| 13:07 | ForgeableSum · first_building Archery Range |
| 14:15 | ForgeableSum · wall_segment Palisade Wall x1 |
| 14:55 | ForgeableSum · wall_segment Palisade Wall x1 |
| 15:30 | TRUM · first_building Barracks |
| 16:54 | ForgeableSum · first_market_sell 100 food |
| 16:56 | ForgeableSum · first_market_buy 100 stone |
| 17:15 | TRUM · age_up feudal |
| 17:23 | TRUM · first_building Archery Range |
| 20:30 | ForgeableSum · wall_segment Palisade Wall x1 |
| 20:32 | ForgeableSum · wall_segment Palisade Wall x3 |
| 21:29 | ForgeableSum · wall_segment Palisade Wall x1 |
| 22:31 | TRUM · wall_segment Palisade Wall x2 |
| 23:18 | ForgeableSum · first_building Stable |
| 24:46 | TRUM · first_market_buy 100 food |
| 27:29 | TRUM · age_up castle |
| 27:42 | TRUM · first_building Castle |
| 27:52 | ForgeableSum · resign |
[ ANÁLISIS IA · 1 CRÉDITO ]
¿Qué pasó realmente en esta partida?
Wolo.gg analiza cada decisión: build order, eco, micro, errores típicos por bracket. Análisis personalizado por WhatsApp o Discord en 30 segundos.
Guía civ
Tupíes
Perfil
TRUM